 Dungeon Crawl Stone Soup version 0.21.1-1-g345015fe64 (webtiles) character file.

4197 ILYA101 the Fighter (level 10, -3/91 HPs)
             Began as a Grey Draconian Fighter on June 29, 2018.
             Killed by divine providence
             ... invoked by an orc priest
              (15 damage)
             ... on level 8 of the Dungeon.
             The game lasted 00:29:08 (7970 turns).

ILYA101 the Fighter (Grey Draconian Fighter)        Turns: 7970, Time: 00:29:09

Health: -3/91      AC: 15    Str: 22    XL:     10   Next: 8%
Magic:  10/10      EV: 14    Int:  8    God:
Gold:   386        SH: 14    Dex: 11    Spells: 9/9 levels left

rFire    . . .     SeeInvis .   u - +4 spear (curse)
rCold    . . .     Gourm    .   b - +3 shield
rNeg     . . .     Faith    .   (armour unavailable)
rPois    .         Spirit   .   (helmet restricted)
rElec    .         Reflect  .   r - scarf {repulsion}
rCorr    .         Harm     .   c - +0 pair of gloves
MR       +....                  v - +1 pair of boots
Stlth    +.........             l - amulet of magic regeneration
HPRegen  0.25/turn              f - ring of protection from magic
MPRegen  0.37/turn              (no ring)

@: lethally poisoned (-3 -> -4), repel missiles
A: walk through water, unfitting armour, unbreathing, cold-blooded, AC +12
a: no special abilities


You were on level 8 of the Dungeon.
You were not hungry.

You visited 1 branch of the dungeon, and saw 8 of its levels.

You collected 386 gold pieces.

Inventory:

Hand Weapons
 a - a +3 trident
 u - a cursed +4 spear (weapon)
Armour
 b - a +3 shield (worn)
 c - a +0 pair of gloves (worn)
 r - a scarf of repulsion (worn)
 v - a +1 pair of boots (worn)
 B - a +1 cloak
Jewellery
 e - a +4 ring of strength {unknown}
 f - a ring of protection from magic (left hand)
 l - an amulet of magic regeneration (around neck)
 o - an uncursed ring of see invisible {unknown}
 C - an uncursed ring of see invisible {unknown}
Wands
 g - a wand of flame (47)
 s - a wand of scattershot (6)
 y - a wand of iceblast (4)
Scrolls
 j - 2 scrolls of remove curse
 m - 2 scrolls of teleportation
 w - 3 scrolls of fog
Potions
 h - 3 potions of flight
 i - a potion of haste
 k - 3 potions of curing
 n - a potion of invisibility
 p - a potion of berserk rage
 q - 5 potions of agility
 x - 2 potions of heal wounds
 z - a potion of mutation {unknown}
 D - a potion of brilliance {unknown}
Books
 t - a book of Misfortune

   Spells                             Type                      Level
   a - Confusing Touch                Hexes                        1
   b - Confuse                        Hexes                        3
   c - Gell's Gravitas                Translocation                3
   d - Petrify                        Transmutation/Earth          4
   e - Metabolic Englaciation         Hexes/Ice                    5
   f - Yara's Violent Unravelling     Hexes/Transmutation          5
Comestibles
 d - 10 rations
 A - 4 chunks of flesh


   Skills:
 * Level 9.2 Fighting
 + Level 5.8 Polearms
 * Level 7.7 Dodging
 * Level 8.4 Shields


You had 9 spell levels left.
You didn't know any spells.

Dungeon Overview and Level Annotations

Branches:
Dungeon (8/15)             Temple (0/1) D:5
   Lair: D:8-11

Altars:
Ashenzari
Dithmenos
Hepliaklqana
Makhleb
Okawaru
Qazlal
Trog
Vehumet
Wu Jian
Xom


Innate Abilities, Weirdness & Mutations

You can walk through water.
Your dull iron-grey scales are very hard. (AC +12)
You cannot fit into any form of body armour.
You can survive without breathing.
You are cold-blooded and may be slowed by cold attacks.


Message History

The killer bee stings you but does no damage.
You block the killer bee's attack. x2
You feel sick. The killer bee stings you.
* * * LOW HITPOINT WARNING * * *
The killer bee barely misses you. You block the killer bee's attack.
An orc comes into view. It is wielding a hand axe.
A worker ant comes into view.
The orc wizard mumbles some strange words.
The orc wizard blinks!
The worker ant moves out of view.
You block the killer bee's attack.
Found a stone staircase leading up.
The worker ant twitches its antennae in your direction.
The killer bee barely misses you.
The orc priest begins to cast a cantrip, but forgets the words!
You feel sick. You block the killer bee's attack.
You block the killer bee's attack. The killer bee barely misses you.
The orc priest mumbles some strange prayers to Beogh against you.
Beogh smites you!
You die...

...................#
########.#.........#
##.#.........# #>.###########
##.## #. ##..# ##
##..########..#......
#..........(....#####
<...#####@a##### ......###y##
.. #.....yy######## ...
##.#...........#
...####...#########.#######
#.....##J.###### #÷......#
#..............# ##......#
###.....o........# #......#
#....o...[§......#####......#


You could see a jelly, a worker ant, 3 killer bees and an orc priest.

Vanquished Creatures
  Pikel (D:7)
  Psyche (D:8)
  2 orc warriors (D:7)
  An ice beast (D:8)
  2 sky beasts (D:6)
  A phantom (D:5)
  4 ogres
  6 centaurs
  Blork the orc (D:6)
  3 bullfrogs
  3 scorpions
  8 killer bees (D:7)
  7 wights
  4 crimson imps
  4 orc wizards
  A quasit (D:6)
  A hound (D:6)
  3 jellies
  A gnoll shaman (D:6)
  Jessica (D:3)
  3 bullfrog skeletons
  2 iguanas
  4 worker ants
  A hound zombie (D:7)
  3 hound skeletons
  A worker ant zombie (D:5)
  Robin (D:3)
  4 gnolls (D:6)
  6 adders
  A shadow imp (D:7)
  An ooze (D:3)
  3 adder skeletons
  An adder zombie (D:5)
  4 worms
  A dart slug (D:1)
  6 leopard geckos
  20 orcs
  11 bats
  7 giant cockroaches
  15 hobgoblins
  19 jackals
  7 kobolds
  3 quokkas
  A ball python (D:3)
  6 frilled lizards
  18 goblins
  A leopard gecko zombie (D:7)
  3 rats
208 creatures vanquished.

Vanquished Creatures (others)
  3 slaves (D:7)
  A crimson imp (D:7)
  A hound (D:7)
  An orc wizard (D:7)
  2 adders (D:7)
  An orc (D:7)
  A leopard gecko skeleton (D:7)
10 creatures vanquished.

Grand Total: 218 creatures vanquished

Notes
Turn   | Place    | Note
-------+----------+-------------------------------------------
     0 | D:1      | ILYA101 the Draconian Fighter began the quest for the Orb.
     0 | D:1      | Reached XP level 1. HP: 19/19 MP: 1/1
    54 | D:1      | Reached XP level 2. HP: 21/26 MP: 2/2
   521 | D:1      | Reached XP level 3. HP: 14/33 MP: 3/3
  1420 | D:2      | Found an iron altar of Okawaru.
  1688 | D:2      | Found an ornate altar of the Wu Jian Council.
  1688 | D:2      | Found a shadowy altar of Dithmenos.
  1694 | D:2      | Found a faded altar of an unknown god.
  1696 | D:2      | Found a faded altar of an unknown god.
  1697 | D:2      | Found a shimmering altar of Xom.
  1741 | D:2      | Reached XP level 4. HP: 40/40 MP: 4/4
  1836 | D:2      | Reached skill level 4 in Fighting
  1888 | D:2      | Found a hazy altar of Hepliaklqana.
  2161 | D:3      | Noticed an ogre
  2170 | D:3      | Killed an ogre
  2170 | D:3      | Reached XP level 5. HP: 47/47 MP: 5/5
  2282 | D:3      | Noticed Robin
  2316 | D:3      | Killed Robin
  2780 | D:3      | Noticed Jessica
  2788 | D:3      | Killed Jessica
  2798 | D:3      | Found a stormy altar of Qazlal.
  2957 | D:4      | Noticed an ogre
  2965 | D:4      | Killed an ogre
  2965 | D:4      | Reached XP level 6. HP: 55/55 MP: 6/6
  3095 | D:4      | Reached skill level 5 in Fighting
  3733 | D:4      | Found a burning altar of Makhleb.
  3733 | D:4      | Found a radiant altar of Vehumet.
  3930 | D:5      | Entered Level 5 of the Dungeon
  3948 | D:5      | Reached skill level 5 in Shields
  3948 | D:5      | Your scales start taking on a dull iron-grey colour.
  3948 | D:5      | Reached XP level 7. HP: 58/61 MP: 7/7
  3948 | D:5      | Gained mutation: You can survive without breathing. [Grey Draconian growth]
  4217 | D:5      | Reached skill level 5 in Dodging
  4286 | D:5      | Found a staircase to the Ecumenical Temple.
  4326 | D:5      | Reached skill level 6 in Fighting
  4863 | D:6      | Reached XP level 8. HP: 68/71 MP: 8/8
  4968 | D:6      | Noticed Blork the orc
  5519 | D:6      | Killed Blork the orc
  5519 | D:6      | Reached skill level 7 in Fighting
  5640 | D:6      | Found a bloodstained altar of Trog.
  5745 | D:6      | Found a shattered altar of Ashenzari.
  6137 | D:7      | Noticed Pikel
  6143 | D:7      | Reached XP level 9. HP: 80/80 MP: 9/9
  6185 | D:7      | Killed Pikel
  6185 | D:7      | Reached skill level 8 in Fighting
  6185 | D:7      | Reached skill level 5 in Polearms
  7738 | D:8      | Reached skill level 9 in Fighting
  7923 | D:8      | Noticed Psyche
  7935 | D:8      | Killed Psyche
  7935 | D:8      | Reached XP level 10. HP: 66/91 MP: 10/10
  7970 | D:8      | Killed from afar by an orc priest

Skill      XL: |  1  2  3  4  5  6  7  8  9 |
---------------+----------------------------+-----
Dodging        | 3 4 5 6 7 |  7.7
Fighting       | 4 5 6 7 9 |  9.2
Shields        | 4 5 6 8 |  8.4
Polearms       | 3 4 5 |  5.8

Action                   |  1- 3 |  4- 6 |  7- 9 | 10-12 || total
-------------------------+-------+-------+-------+-------++-------
Melee: Trident           |   172 |   185 |   532 |       ||   889
       Tailslap          |    10 |    34 |    55 |     3 ||   102
       Spear             |       |       |    75 |    14 ||    89
  Use: Scroll            |       |    18 |     8 |       ||    26
       Potion            |       |     1 |     2 |       ||     3
 Stab: Sleeping          |     1 |       |     2 |       ||     3
       Distracted        |       |       |     1 |       ||     1
  Eat: Chunk             |     3 |     6 |    12 |       ||    21
       Ration            |       |       |     1 |       ||     1
Armor: Skin              |    61 |    42 |   235 |     4 ||   342
Dodge: Dodged            |    93 |    51 |   254 |     5 ||   403
       Deflected         |       |     2 |     5 |       ||     7
Block: Shield            |    91 |   113 |   457 |    12 ||   673
